AoeStats
← ITA | MarknighT

Arabia

504168661Analyzed
1v1 RM · 29d ago on Sep 4, 2026· 40m 14s· 2 players
Game mode
Random Map
Map size
Tiny (2 player)
Population
200
Speed
Normal
Resources
Standard
Victory
Conquest
Starting age
Dark Age
Ending age
Imperial Age
RankedLock teamsTeams togetherTeam positionsShared explorationLock speedFull tech treeHidden civsTurbo modeCheats
Victory
Defeat
🇮🇹 Hindustanis · Italy
1897
+9
🇪🇸 Britons · Spain
1742
-9
TdB.holland89
7:26 Loom
9:42 Feudal Age
14:06 Castle Age
24:39 Pikeman
34:15 Wheelbarrow
39:08 Imperial Age
37:13 Fletching
37:24 Padded Archer Armor
38:02 Bodkin Arrow
38:31 Ballistics
38:10 Elite Skirmisher
40:00 Bracer
ITA | MarknighT
5:25 Loom
8:03 Feudal Age
8:42 Loom
8:48 Double-Bit Axe
17:01 Forging
22:51 Castle Age
21:43 Bloodlines
21:33 Horse Collar
23:46 Bow Saw
23:24 Light Cavalry
24:43 Wheelbarrow
26:08 Iron Casting
26:56 Scale Barding Armor
27:28 Scale Mail Armor
33:16 Imperial Age
30:54 Gold Mining
31:43 Hand Cart
33:44 Fletching
33:54 Padded Archer Armor
33:47 Town Watch
34:39 Thumb Ring
35:40 Iron Casting
35:05 Bodkin Arrow
36:23 Ballistics
36:44 Bracer
37:28 Heavy Cavalry Archer
38:56 Leather Archer Armor
40:38 Chemistry
Connection lost

Rejoining the realm…

Still unreachable

The connection could not be restored.

Session expired

The server has moved on; the page needs a fresh start.